 Dungeon Crawl Stone Soup version 0.28-a0-1510-gd0f6b136d3 (webtiles) character file.

Game seed: 664541993695370530

67 ders the Chopper (level 3, 0/35 HPs)
             Began as a Minotaur Berserker on Jan 14, 2022.
             Was a Believer of Trog.
             Slain by a goblin (4 damage)
             ... led by Robin
             ... on level 2 of the Dungeon.
             The game lasted 00:01:13 (1736 turns).

ders the Chopper (Minotaur Berserker)               Turns: 1736, Time: 00:01:14

Health: 0/35       AC:  2    Str: 23    XL:     3   Next: 98%
Magic:  2/2        EV: 12    Int:  4    God:    Trog [**....]
Gold:   58         SH:  0    Dex:  9    Spells: 2/2 levels left

rFire   . . .      SeeInvis .   a - +0 hand axe
rCold   . . .      Faith    .   (no shield)
rNeg    . . .      Spirit   .   b - +0 animal skin
rPois   .          Reflect  .   (helmet restricted)
rElec   .          Harm     .   (no cloak)
rCorr   .          Rampage  .   (no gloves)
Will    .....                   (no boots)
Stlth   +.........              (no amulet)
HPRegen 0.11/turn               (no ring)
MPRegen 0.08/turn               (no ring)

@: on berserk cooldown, slowed, very slow
A: horns 2, retaliatory headbutt
a: Renounce Religion, Berserk, Trog's Hand


You were on level 2 of the Dungeon.
You worshipped Trog.
Trog was pleased with you.
You visited 1 branch of the dungeon, and saw 2 of its levels.

You collected 58 gold pieces.

Inventory:

Hand Weapons
 a - a +0 hand axe (weapon)
Armour
 b - a +0 animal skin (worn)
Scrolls
 c - a scroll of magic mapping {unknown}
 e - a scroll of enchant weapon {unknown}
 f - a scroll of fog {unknown}
 h - 2 scrolls of identify {unknown}
Potions
 d - 2 potions of curing {unknown}
 g - a potion of brilliance {unknown}
 i - 2 potions of invisibility {unknown}


   Skills:
 + Level 4.9 Fighting
 + Level 4.9 Axes
 - Level 2.4 Armour
 - Level 2.1 Dodging


You had 2 spell levels left.
You didn't know any spells.
Your spell library was empty.

Dungeon Overview and Level Annotations

Branches:
Dungeon (2/15)

Altars:


Innate Abilities, Weirdness & Mutations

You have a pair of horns on your head.
You reflexively headbutt those who attack you in melee.


Message History

A goblin comes into view. It is wielding a +0 dagger.
You slash the goblin!
You kill the goblin!
Trog accepts your kill.
The goblin no longer looks unusually strong.
The goblin shoots a stone.
The stone hits you.
A hobgoblin comes into view.
The hobgoblin hits you.
Things that are here:
a +0 dagger; a goblin corpse You closely miss the hobgoblin.
You closely miss the goblin.
You are no longer berserk.
You are exhausted.
You feel yourself slow down.
You hit the hobgoblin but do no damage. You hit the goblin.
You kill the goblin!
Trog accepts your kill.
The hobgoblin no longer looks unusually strong.
The hobgoblin hits you.
The goblin hits you from afar with a +0 spear.
The goblin hits you but does no damage. The goblin hits you with a +0 club.
* * * LOW HITPOINT WARNING * * *
You feel the effects of Trog's Hand fading.
The hobgoblin closely misses you. The hobgoblin hits you.
* * * LOW HITPOINT WARNING * * *
The goblin misses you. x2
The goblin no longer looks unusually strong. x2
Your skin stops crawling.
You feel less strong-willed.
The goblin no longer looks unusually strong.
The goblin hits you but does no damage.
The goblin hits you from afar with a +0 spear.
* * * LOW HITPOINT WARNING * * *
The hobgoblin misses you. You furiously retaliate!
You headbutt the hobgoblin!
You kill the hobgoblin!
Trog accepts your kill. The goblin hits you with a +0 club.
* * * LOW HITPOINT WARNING * * *
The goblin hits you from afar with a +0 spear.
You die...

. .# #.#..##......# .
##.####.###.#..##.###### .
.......:............#######
#
#.#.###.#.##.#.####.....<.#
# ###...#
#.#.#...............#
####.....#
#.#....#............#
.......#
#..........(........#
....)..#
#..#.>.(......#.#####
)......#####..##@....###...#
.†........).gggg..#.†#####.#
......†..))..g###.#........#
.......######.# #>#...######
##...#........# ###...####
#...#..#.###.# #........#
#.......#.# #.###.##.###†#
#.####.##.# #........# #.#
#. #.##.# #####.######)##


You could see 5 goblins.

Vanquished Creatures
  Robin (D:2)
  An adder (D:2)
  A worm (D:2)
  4 ball pythons (D:1)
  2 endoplasms
  2 giant cockroaches
  5 hobgoblins
  2 quokkas
  A bat (D:1)
  6 frilled lizards
  10 goblins
  6 kobolds
  2 rats
43 creatures vanquished.

Notes
Turn   | Place    | Note
-------+----------+-------------------------------------------
     0 | D:1      | ders the Minotaur Berserker began the quest for the Orb.
     0 | D:1      | Reached XP level 1. HP: 19/19 MP: 0/0
   343 | D:1      | Reached XP level 2. HP: 27/27 MP: 1/1
   703 | D:1      | Found a faded altar of an unknown god.
  1319 | D:2      | Reached ** piety under Trog
  1406 | D:2      | Reached XP level 3. HP: 28/34 MP: 2/2
  1699 | D:2      | Noticed Robin
  1726 | D:2      | Killed Robin
  1736 | D:2      | Slain by a goblin

Illustrated notes

Levels and vault maps discovered:
D:1:      lightli_arrival_statue_moat, layout_loops_ring, basic_ecumenical_altar
D:2:      layout_basic, uniq_robin, uniq_crazy_yiuf_cottage

Skill      XL: |  1 |
---------------+----+-----
Fighting       | 4 |  4.9
Axes           | 4 |  4.9
Armour         | |  2.4
Dodging        | |  2.1

Action                   || total
-------------------------++-------
Melee: Hand axe          ||    71
       Headbutt          ||    10
Invok: Berserk           ||     1
       Trog's Hand       ||     1
Armor: Animal skin       ||    11
Dodge: Dodged            ||    45

Table legend: (Time is in decaauts)
 A = Elapsed time spent in this place.
 B = Non-inter-level travel time spent in this place.
 C = Inter-level travel time spent in this place.
 D = Time resting spent in this place.
 E = Time spent auto-exploring this place.
 F = Levels seen in this place.
 G = Mean time per level.
                   A        B        C        D        E       F      G
               +--------+--------+--------+--------+--------+-----+--------+
         Total |   1741 |   1703 |     38 |    216 |   1258 |   2 |  870.5 |
       Dungeon |   1741 |   1703 |     38 |    216 |   1258 |   2 |  870.5 |
               +--------+--------+--------+--------+--------+-----+--------+

Top non-repeatable levels by time:
     D:1: 1315 daAuts
     D:2: 426 daAuts
